 Dungeon Crawl Stone Soup version 0.27.0-1-g7a089689b8 (webtiles) character file.

Game seed: 10960774027428149868

91 Smaepdii the Chopper (level 4, 0/40 HPs)
             Began as a Minotaur Berserker on Aug 1, 2021.
             Was a Believer of Trog.
             Slain by Sigmund (1 damage)
             ... on level 2 of the Dungeon.
             The game lasted 00:19:49 (2191 turns).

Smaepdii the Chopper (Minotaur Berserker)           Turns: 2191, Time: 00:19:49

Health: 0/40       AC:  5    Str: 22    XL:     4   Next: 33%
Magic:  3/3        EV: 11    Int:  4    God:    Trog [**....]
Gold:   14         SH:  0    Dex: 10    Spells: 3/3 levels left

rFire    . . .     SeeInvis .   b - +1 mace (protect)
rCold    . . .     Faith    .   (no shield)
rNeg     . . .     Spirit   .   p - +0 ring mail
rPois    .         Reflect  .   (helmet restricted)
rElec    .         Harm     .   (no cloak)
rCorr    .         Rampage  .   (no gloves)
Will     .....                  (no boots)
Stlth    ..........             (no amulet)
HPRegen  0.13/turn              (no ring)
MPRegen  0.08/turn              (no ring)

@: confused, on berserk cooldown, slowed, very slow
A: horns 2, retaliatory headbutt
a: Renounce Religion, Berserk, Trog's Hand


You were on level 2 of the Dungeon.
You worshipped Trog.
Trog was pleased with you.
You visited 1 branch of the dungeon, and saw 2 of its levels.

You collected 114 gold pieces.
You spent 100 gold pieces at shops.

Inventory:

Hand Weapons
 a - a +0 hand axe
 b - a +1 mace of protection (weapon)
Missiles
 g - 8 stones (quivered)
Armour
 p - a +0 ring mail (worn)
Jewellery
 i - a ring of fire
Wands
 m - a wand of polymorph (8)
Scrolls
 d - a scroll of vulnerability {unknown}
 f - a scroll of identify {unknown}
 h - a scroll of fog {unknown}
 k - a scroll of teleportation {unknown}
 l - a scroll of enchant weapon {unknown}
 n - a scroll of torment {unknown}
Potions
 c - a potion of brilliance {unknown}
 e - a potion of curing {unknown}
 j - a potion of haste {unknown}
 o - a potion of mutation {unknown}


   Skills:
 + Level 4.2 Fighting
 + Level 4.3 Axes
 + Level 3.2 Armour
 + Level 3.0 Dodging
 + Level 2.0 Shields


You had 3 spell levels left.
You didn't know any spells.
Your spell library was empty.

Dungeon Overview and Level Annotations

Branches:
Dungeon (2/15)

Altars:

Shops:
D:2 *

Annotations:
D:2 Sigmund


Innate Abilities, Weirdness & Mutations

You have a pair of horns on your head.
You reflexively headbutt those who attack you in melee.


Message History

Press: ? - help, v - describe, . - travel A rock wall.
You feel your anger nearly subside.
You barely miss Sigmund.
Sigmund says, "Look into my eyes."
Sigmund mumbles some strange words.
Sigmund flickers and vanishes!
Deactivating autopickup; reactivate with Ctrl-A.
You are no longer berserk.
You are exhausted.
You feel yourself slow down. Something hits you. Something burns you.
A puff of flame appears from out of thin air!
The puff of flame misses you.
You hear a zap.
You hear a grinding noise.
Found a scroll labelled WISIUCKAMN and 17 arrows.
Something hits you. Something burns you.
You hear some strange, mumbled words.
Something tries to affect you, but you resist.
Something hits you but does no damage.
You miss something. You headbutt something!
You hear some strange, mumbled words.
Something tries to affect you, but you resist.
Something hits you. Something burns you.
You hit something.
Your weapon exudes an aura of protection.
Something hits you! Something burns you. Something hits you but does no damage.
Something hits you. Something burns you.
You hear some strange, mumbled words.
You are confused.
You bump into the rock wall.
You hear some strange, mumbled words.
Something tries to affect you, but you resist.
You bump into the rock wall.
Something hits you.
* * * LOW HITPOINT WARNING * * *
Something burns you.
* * * LOW HITPOINT WARNING * * *
Something hits you.
* * * LOW HITPOINT WARNING * * *
Something burns you.
You die...

###.#.## ########.
##..###.###......#.
#...# ##.#...###.#.
###..## ##..#.#
#.## #....##
##.#...# #.#
#..#..###.######
#.# #.#{.#.#.## #.#
#.##.##.## #.##
#.##@.#.# #.†.
#.......# ####
#.......# ###
###..###.. #.. #.##
#.?. #.# #. ... #.
(. #.


There were no monsters in sight!

Vanquished Creatures
  An orc wizard (D:2)
  2 adders (D:2)
  A worm (D:2)
  A dart slug (D:1)
  6 orcs (D:2)
  2 endoplasms
  3 giant cockroaches
  3 goblins
  4 hobgoblins
  3 kobolds (D:1)
  3 ball pythons
  4 bats
  2 frilled lizards (D:2)
  A rat (D:1)
36 creatures vanquished.

Vanquished Creatures (others)
  A plant (D:1)
1 creature vanquished.

Grand Total: 37 creatures vanquished

Notes
Turn   | Place    | Note
-------+----------+-------------------------------------------
     0 | D:1      | Smaepdii the Minotaur Berserker began the quest for the
                  | Orb.
     0 | D:1      | Reached XP level 1. HP: 19/19 MP: 0/0
   454 | D:1      | Reached XP level 2. HP: 23/27 MP: 1/1
   775 | D:1      | Reached skill level 1 in Shields
   930 | D:1      | Found a faded altar of an unknown god.
  1151 | D:2      | Reached XP level 3. HP: 28/33 MP: 2/2
  1496 | D:2      | Reached ** piety under Trog
  1616 | D:2      | Reached XP level 4. HP: 31/40 MP: 3/3
  1921 | D:2      | Found Fufit's General Store.
  1938 | D:2      | Bought a wand of polymorph (8) for 100 gold pieces
  2172 | D:2      | Noticed Sigmund
  2191 | D:2      | HP: 1/40 [something (5)]
  2191 | D:2      | Slain by Sigmund

Illustrated notes

Levels and vault maps discovered:
D:1:      psy_arrival_conway, layout_loops_ring,
          shapermc_ecumenical_altar_mp_ritualfount, minivault_26,
          kennysheep_nondescript, minmay_pentomino_s2
D:2:      layout_loops_cross, serial_shops, nicolae_shop_crystal,
          minmay_misc_feat_chi, uniq_sigmund

Skill      XL: |  1  2  3  4 |
---------------+-------------+-----
Shields        | 1 2 |  2.0
Fighting       | 4 |  4.2
Axes           | 4 |  4.3
Armour         | 3 |  3.2
Dodging        | 3 |  3.0

Action                   |  1- 3 |  4- 6 || total
-------------------------+-------+-------++-------
Melee: Hand axe          |    64 |     2 ||    66
       Headbutt          |    14 |     1 ||    15
       Mace              |       |    12 ||    12
Invok: Berserk           |     3 |     2 ||     5
Armor: Animal skin       |     7 |       ||     7
       Ring mail         |     2 |     5 ||     7
       Leather armour    |     1 |       ||     1
Dodge: Dodged            |    25 |     6 ||    31
